Workbook
Name Cuadrilla: '[1]Mano de Obra'!$A$2:$A$22
Name Materiales: [1]Materiales!$A$2:$A$321

Sheet AU
A2: AU INTERVENCIÓN PUENTE SAN JUDAS
A4: CARGO /OFICIO | B4: CANTIDAD | C4: SUELDO O TARIFA MENSUAL | D4: DEDICACION MENSUAL | E4: DURACION TOTAL | F4: VALOR PARCIAL
A5: COSTOS DE PERSONAL
A6: ENCARGADO DE OBRA | B6: 1 | C6: 3000000 | D6: 1 | E6: 1 | F6: =+B6*C6*D6*E6 -> 3000000
A7: ING CIVIL DIRECTOR DE OBRA | F7: =+B7*C7*D7*E7 -> 0
A8: TRASPOTE A LOMO DE MULA | F8: 0
A9: OFICIAL ENTENDIDO | F9: =+B9*C9*D9*E9 -> 0
A10: SUB TORAL COSTO DE PERSONAL
A11: FACTOR PRESTACIONAL (FP= 1,47). (A)
A13: TOTAL COSTO DE PERSONAL CON FACTOR PRESTACIONAL | F13: =F6 -> 3000000
A15: GASTOS DE OFICINA
A17: TOTAL GASTOA DE OFICNA (B) | F17: 0
A18: TRANSPORTE
A19: VALOR BASICO = A+B = C | F19: =+F17+F13+F18 -> 3000000
A21: GASTOS DIRECTOS NO REEMBOLSABLES (sobre el valor total del proyecto)
A22: Estampilla pro-anciano | B22: 0.04 | F22: 0
A23: Estampilla pro-cultura | B23: 0.02 | F23: 0
A24: Estampilla Justicia familiar | B24: 0.02 | F24: =$F$37*B24 -> 619164.89
A25: Estampilla pro-Hospital | B25: 0.01 | F25: 0
A26: Estampilla pro-Deporte | B26: 0.025 | F26: =$F$37*B26 -> 773956.11
A27: Fondo de seguridad | B27: 0.05 | F27: =$F$37*B27 -> 1547912.2
A28: POLIZAS | B28: 0.007 | F28: =$F$37*B28 -> 216707.71
A30: TOTAL GASTOS DIRECTOS NO REEMBOLSABLES (D) | F30: =+SUM(F22:F28) -> 3157740.9
A31: SUBTOTAL DE COSTOS DE ADMNISTRACION | F31: =+F30+F19 -> 6157740.9
A33: VALOR TOTAL DEL PROYECTO | F33: =PPTO!F9 -> 23619527
A34: TOTAL PORCENTAJE ADMINITRACION (%) | E34: =F34/F33 -> 0.26070551 | F34: =F31 -> 6157740.9
A35: TOTAL UTILIDAD (%) | E35: 0.05 | F35: =+F33*E35 -> 1180976.4
A36: TOTAL A U (%) | E36: =E34+E35 -> 0.31070551 | F36: =+F34+F35 -> 7338717.3
A37: VALOR TOTAL DEL PROYECTO (AU INCLUIDO) | F37: =+F33+F36 -> 30958244

Sheet PPTO
A1: MANTENIMIENTO PUENTE SAN JUDAS
A2: Item | B2: Actividad | C2: Und | D2: Cant. | E2: vr. Unit. | F2: Vr Total
A3: 1 | B3: Remplazo hasta un 30% de cubierta en mal estado en teja de barro maquinada similares o iguales a las existentes, incluye todo lo necesario para su correcta ejecución | C3: m2 | D3: =35*2.7*0.3 -> 28.35 | E3: =APUS!E22 -> 153000 | F3: =D3*E3 -> 4337550
A4: 2 | B4: Aplicación de IMPRA para protección de elementos de guadua a la interperie, | C4: m2 | D4: =2*PI()*0.2*35*8 -> 351.85838 | E4: =APUS!E47 -> 27520 | F4: =D4*E4 -> 9683142.5
A5: 3 | B5: Remplazo y reposición de macanas en mal estado, incluye todo lo necesario para su corecta ejecución | C5: und | D5: =(35/0.2)*0.2 -> 35 | E5: =APUS!E70 -> 39850 | F5: =D5*E5 -> 1394750
A6: 4 | B6: Remplazo de tornillería en mal estado o inexistente hasta el 70% de la tornillería existente,esta debe ser en acero inoxidable y de acuerdo a diseño existente. | C6: ml | D6: =(35)*4*70% -> 98 | E6: =APUS!E97 -> 11188 | F6: =D6*E6 -> 1096424
A7: 5 | B7: Construcción de baranda en guadua H=90 cm sobre viga de cimentacición perimetral de 0,2mx0,2m, incluye todo lo necesario de su correcta ejecución | C7: ml | D7: 9 | E7: =APUS!E125 -> 157740 | F7: =D7*E7 -> 1419660
A8: 6 | B8: Descope de especies arboreas en alturas, incluye botada y disposición final del material, y todo lo necesario para su correcta ejecución. | C8: und | D8: 4 | E8: =APUS!E150 -> 1422000 | F8: =D8*E8 -> 5688000
A9: COSTO DIRECTO CONTRACTUAL | F9: =ROUNDUP(SUM(F3:F8),0) -> 23619527
A10: ADMINISTRACIÓN | E10: =AU!E36 -> 0.31070551 | F10: =ROUNDUP(F9*E10,0) -> 7338718
A11: TOTAL PROYECTO | F11: =F9+F10 -> 30958245

Sheet APUS
A1: ANALISIS DE PRECIOS UNITARIOS
A2: Item | B2: =PPTO!B3 -> Remplazo hasta un 30% de cubierta en mal estado en teja de barro maquinada similares o iguales a las existentes, incluye todo lo necesario para su correcta ejecución | E2: Unidad
A3: 1 | E3: =PPTO!C3 -> m2
A4: ítem | B4: Materiales | C4: Unidad | D4: Cantidad | E4: V/Unitario | F4: V/Total
A5: 1 | B5: Teja de barro maquinada | C5: un | D5: 15 | E5: 2800 | F5: =ROUND(E5*D5,0) -> 42000
E8: SUBTOTAL | F8: =SUM(F5:F7) -> 42000
A9: ítem | B9: Mano de Obra | C9: Jornal | D9: Jornal prestaciones | E9: Rendiemineto | F9: V/Unitario
A10: 1 | B10: 1 Oficial alturas | C10: 210000 | D10: =SUM(C10*60%)+C10 -> 336000 | E10: 6 | F10: =ROUND(D10/E10,0) -> 56000
A11: 2 | B11: 1 Ayudante alturas | C11: 120000 | D11: =SUM(C11*70%)+C11 -> 204000 | E11: 6 | F11: =ROUND(D11/E11,0) -> 34000
E13: SUBTOTAL | F13: =SUM(F10:F12) -> 90000
A14: ítem | B14: Herramienta | C14: Unidad | D14: Cantidad | E14: V/Unitario | F14: V/Total
A15: 1 | B15: Herramienta menor | C15: (%)mo | D15: 0.1 | E15: =+F13 -> 90000 | F15: =ROUND(E15*D15,0) -> 9000
E17: SUBTOTAL | F17: =SUM(F15:F15) -> 9000
A18: ítem | B18: Transporte | C18: Unidad | D18: Cantidad | E18: V/Unitario | F18: V/Total
B19: Transporte de material | D19: 0.1 | E19: 120000 | F19: =ROUND(E19*D19,0) -> 12000
F20: =ROUND(E20*D20,0) -> 0
E21: SUBTOTAL | F21: =SUM(F19:F20) -> 12000
A22: P R E C I O U N I T A R I O | E22: =+F21+F17+F13+F8 -> 153000
A25: ANALISIS DE PRECIOS UNITARIOS
A26: Item | B26: =PPTO!B4 -> Aplicación de IMPRA para protección de elementos de guadua a la interperie, | E26: Unidad
A27: 2 | E27: =PPTO!C4 -> m2
A28: ítem | B28: Materiales | C28: Unidad | D28: Cantidad | E28: V/Unitario | F28: V/Total
A29: 1 | B29: IMPRA | C29: gl | D29: 0.06 | E29: 251000 | F29: =ROUND(E29*D29,0) -> 15060
A30: 2 | B30: Disolvente | C30: gl | D30: 0.09 | E30: 33000 | F30: =ROUND(E30*D30,0) -> 2970
E32: SUBTOTAL | F32: =SUM(F29:F29) -> 15060
A33: ítem | B33: Mano de Obra | C33: Jornal | D33: Jornal prestaciones | E33: Rendiemineto | F33: V/Unitario
A34: 1 | B34: 1 Oficial alturas | C34: 210000 | D34: =SUM(C34*60%)+C34 -> 336000 | E34: 60 | F34: =ROUND(D34/E34,0) -> 5600
A35: 2 | B35: 1 Ayudante alturas | C35: 120000 | D35: =SUM(C35*70%)+C35 -> 204000 | E35: 60 | F35: =ROUND(D35/E35,0) -> 3400
E37: SUBTOTAL | F37: =SUM(F34:F36) -> 9000
A38: ítem | B38: Herramienta | C38: Unidad | D38: Cantidad | E38: V/Unitario | F38: V/Total
A39: 1 | B39: Herramienta menor | C39: (%)mo | D39: 0.1 | E39: =+F37 -> 9000 | F39: =ROUND(E39*D39,0) -> 900
A40: 2 | B40: pulidora de madera | C40: DIA | D40: 0.08 | E40: 32000 | F40: =ROUND(E40*D40,0) -> 2560
E42: SUBTOTAL | F42: =SUM(F39:F40) -> 3460
A43: ítem | B43: Transporte | C43: Unidad | D43: Cantidad | E43: V/Unitario | F43: V/Total
F44: =ROUND(E44*D44,0) -> 0
F45: =ROUND(E45*D45,0) -> 0
E46: SUBTOTAL | F46: =SUM(F44:F45) -> 0
A47: P R E C I O U N I T A R I O | E47: =+F46+F42+F37+F32 -> 27520
A50: ANALISIS DE PRECIOS UNITARIOS
A51: Item | B51: =PPTO!B5 -> Remplazo y reposición de macanas en mal estado, incluye todo lo necesario para su corecta ejecución | E51: Unidad
A52: 3 | E52: =PPTO!C5 -> und
A53: ítem | B53: Materiales | C53: Unidad | D53: Cantidad | E53: V/Unitario | F53: V/Total
A54: 1 | B54: Macanas perfiladas y cortadas de acuerdo a diseño existente | C54: Unidad | D54: 1 | E54: 25000 | F54: =ROUND(E54*D54,0) -> 25000
E56: SUBTOTAL | F56: =SUM(F54:F54) -> 25000
A57: ítem | B57: Mano de Obra | C57: Jornal | D57: Jornal prestaciones | E57: Rendiemineto | F57: V/Unitario
A58: 1 | B58: 1 Oficial alturas | C58: 210000 | D58: =SUM(C58*60%)+C58 -> 336000 | E58: 40 | F58: =ROUND(D58/E58,0) -> 8400
A59: 2 | B59: 1 Ayudante alturas | C59: 120000 | D59: =SUM(C59*70%)+C59 -> 204000 | E59: 40 | F59: =ROUND(D59/E59,0) -> 5100
E61: SUBTOTAL | F61: =SUM(F58:F60) -> 13500
A62: ítem | B62: Herramienta | C62: Unidad | D62: Cantidad | E62: V/Unitario | F62: V/Total
A63: 1 | B63: Herramienta menor | C63: (%)mo | D63: 0.1 | E63: =+F61 -> 13500 | F63: =ROUND(E63*D63,0) -> 1350
E65: SUBTOTAL | F65: =SUM(F63:F63) -> 1350
A66: ítem | B66: Transporte | C66: Unidad | D66: Cantidad | E66: V/Unitario | F66: V/Total
F67: =ROUND(E67*D67,0) -> 0
F68: =ROUND(E68*D68,0) -> 0
E69: SUBTOTAL | F69: =SUM(F67:F68) -> 0
A70: P R E C I O U N I T A R I O | E70: =+F69+F65+F61+F56 -> 39850
A73: ANALISIS DE PRECIOS UNITARIOS
A74: Item | B74: =PPTO!B6 -> Remplazo de tornillería en mal estado o inexistente hasta el 70% de la tornillería existente,esta debe ser en acero inoxidable y de acuerdo a diseño existente. | E74: Unidad
A75: 4 | E75: =PPTO!C6 -> ml
A76: ítem | B76: Materiales | C76: Unidad | D76: Cantidad | E76: V/Unitario | F76: V/Total
A77: 1 | B77: Tornillo tipo esparrago o similar al existente | C77: Unidad | D77: 1 | E77: 4000 | F77: =ROUND(E77*D77,0) -> 4000
A78: 2 | B78: tuerca y arandela | C78: Unidad | D78: 6 | E78: 1000 | F78: =D78*E78 -> 6000
E82: SUBTOTAL | F82: =SUM(F77:F80) -> 10000
A83: ítem | B83: Mano de Obra | C83: Jornal | D83: Jornal prestaciones | E83: Rendiemineto | F83: V/Unitario
A84: 1 | B84: 1 Oficial alturas | C84: 210000 | D84: =SUM(C84*60%)+C84 -> 336000 | E84: 500 | F84: =ROUND(D84/E84,0) -> 672
A85: 2 | B85: 1 Ayudante alturas | C85: 120000 | D85: =SUM(C85*70%)+C85 -> 204000 | E85: 500 | F85: =ROUND(D85/E85,0) -> 408
E87: SUBTOTAL | F87: =SUM(F84:F86) -> 1080
A88: ítem | B88: Herramienta | C88: Unidad | D88: Cantidad | E88: V/Unitario | F88: V/Total
A89: 1 | B89: Herramienta menor | C89: (%)mo | D89: 0.1 | E89: =+F87 -> 1080 | F89: =ROUND(E89*D89,0) -> 108
E92: SUBTOTAL | F92: =SUM(F89:F90) -> 108
A93: ítem | B93: Transporte | C93: Unidad | D93: Cantidad | E93: V/Unitario | F93: V/Total
F94: =ROUND(E94*D94,0) -> 0
F95: =ROUND(E95*D95,0) -> 0
E96: SUBTOTAL | F96: =SUM(F94:F95) -> 0
A97: P R E C I O U N I T A R I O | E97: =+F96+F92+F87+F82 -> 11188
A101: ANALISIS DE PRECIOS UNITARIOS
A102: Item | B102: =PPTO!B7 -> Construcción de baranda en guadua H=90 cm sobre viga de cimentacición perimetral de 0,2mx0,2m, incluye todo lo necesario de su correcta ejecución | E102: Unidad
A103: 4 | E103: ml
A104: ítem | B104: Materiales | C104: Unidad | D104: Cantidad | E104: V/Unitario | F104: V/Total
A105: 1 | B105: concreto de 21 Mpa preparado en obra (3000 PSI) | C105: m3 | D105: 0.04 | E105: 862254 | F105: =ROUND(E105*D105,0) -> 34490
A106: 2 | B106: formaleta tabla comun de 1,7x2x3m | C106: Unidad | D106: 0.22 | E106: 27500 | F106: =ROUND(E106*D106,0) -> 6050
A107: 3 | B107: Guadua inmunizada y taratda para exteriores | C107: ml | D107: 4 | E107: 5000 | F107: =ROUND(E107*D107,0) -> 20000 | I107: =0.2*0.2*1 -> 0.04
A108: 4 | B108: Acero | C108: kg | D108: 5 | E108: 5700 | F108: =D108*E108 -> 28500 | I108: =4.5*0.994 -> 4.473
E110: SUBTOTAL | F110: =SUM(F105:F108) -> 89040
A111: ítem | B111: Mano de Obra | C111: Jornal | D111: Jornal prestaciones | E111: Rendiemineto | F111: V/Unitario
A112: 1 | B112: 1 Oficial | C112: 210000 | D112: =SUM(C112*60%)+C112 -> 336000 | E112: 10 | F112: =ROUND(D112/E112,0) -> 33600
A113: 2 | B113: 1 Ayudante | C113: 120000 | D113: =SUM(C113*70%)+C113 -> 204000 | E113: 10 | F113: =ROUND(D113/E113,0) -> 20400
E115: SUBTOTAL | F115: =SUM(F112:F114) -> 54000
A116: ítem | B116: Herramienta | C116: Unidad | D116: Cantidad | E116: V/Unitario | F116: V/Total
A117: 1 | B117: Herramienta menor | C117: (%)mo | D117: 0.05 | E117: =+F115 -> 54000 | F117: =ROUND(E117*D117,0) -> 2700
E120: SUBTOTAL | F120: =SUM(F117:F118) -> 2700
A121: ítem | B121: Transporte | C121: Unidad | D121: Cantidad | E121: V/Unitario | F121: V/Total
B122: Transporte de material | D122: 0.1 | E122: 120000 | F122: =ROUND(E122*D122,0) -> 12000
F123: =ROUND(E123*D123,0) -> 0
E124: SUBTOTAL | F124: =SUM(F122:F123) -> 12000
A125: P R E C I O U N I T A R I O | E125: =+F124+F120+F115+F110 -> 157740
A129: ANALISIS DE PRECIOS UNITARIOS
A130: Item | B130: =PPTO!B8 -> Descope de especies arboreas en alturas, incluye botada y disposición final del material, y todo lo necesario para su correcta ejecución. | E130: Unidad
A131: 6 | E131: m2
A132: ítem | B132: Materiales | C132: Unidad | D132: Cantidad | E132: V/Unitario | F132: V/Total
...
